Selects Luftwaffe Battlegroup
Selects Luftwaffe Pioneer Support
Fallschirmpioneer Squad Paradrop
Construct Infanterie Kompanie
Fallschirmpioneer Squad Paradrop
Selects Stuka Strafing Run
Selects Reconnaissance Run
Selects Stuka Strafing Run
Fallschirmpioneer Squad Paradrop
Selects Fallschirmjäger Squad Paradrop
Fallschirmjäger Squad Paradrop
Construct Panzergrenadier Kompanie
Selects Flak 38 Anti-Air Emplacement
Construct Panzer Kompanie
Fallschirmjäger Squad Paradrop
Fallschirmjäger Squad Paradrop
Selects Infantry Reserves
Construct Luftwaffe Kompanie